 Dungeon Crawl Stone Soup version 0.30-a0-738-g116ff8c4af (webtiles) character file.

Game seed: 2422075604963785188

100 Dordric the Cudgeller (level 4, -1/47 (48) HPs)
             Began as an Ogre Berserker on Feb 3, 2023.
             Was a Believer of Trog.
             Slain by a gnoll
             ... wielding a +0 club
              (3 damage)
             ... on level 3 of the Dungeon.
             The game lasted 00:01:29 (1991 turns).

Dordric the Cudgeller (Ogre Berserker)              Turns: 1991, Time: 00:01:30

HP:   -1/47 (48)    AC:  3    Str: 23    XL:     4   Next: 73%
MP:   4/4           EV: 10    Int:  8    God:    Trog [**....]
Gold: 134           SH:  0    Dex:  8    Spells: 3/3 levels left

rFire   . . .      SeeInvis .    a - +0 mace
rCold   . . .      Faith    .    (no shield)
rNeg    . . .      Spirit   .    b - +0 animal skin
rPois   .          Reflect  .    n - +0 hat
rElec   .          Harm     .    (no cloak)
rCorr   .          Rampage  .    (gloves unavailable)
Will    .....                    (boots unavailable)
Stlth   +                        (no amulet)
HPRegen 0.27/turn                (no ring)
MPRegen 0.09/turn                (no ring)

@: on berserk cooldown, slowed, lightly drained, very slow
A: large, unfitting armour, tough skin 1
a: Renounce Religion, Berserk, Trog's Hand


You were on level 3 of the Dungeon.
You worshipped Trog.
Trog was pleased with you.
You visited 1 branch of the dungeon, and saw 3 of its levels.

You collected 134 gold pieces.

Inventory:

Hand Weapons
 a - a +0 mace (weapon)
Armour
 b - a +0 animal skin (worn)
 n - a +0 hat (worn)
Scrolls
 d - 2 scrolls of silence {unknown}
 e - 2 scrolls of identify {unknown}
 f - 2 scrolls of fear {unknown}
 g - a scroll of fog {unknown}
 k - a scroll of poison {unknown}
 l - a scroll of noise {unknown}
 m - 2 scrolls of immolation {unknown}
 p - a scroll of vulnerability {unknown}
 q - 2 scrolls of amnesia {unknown}
Potions
 c - a potion of mutation {unknown}
 h - 2 potions of invisibility {unknown}
 i - a potion of cancellation {unknown}
 j - 3 potions of curing {unknown}
 o - a potion of heal wounds {unknown}
 r - 2 potions of flight {unknown}
 s - a potion of lignification {unknown}


   Skills:
 - Level 4.0 Fighting
 + Level 4.8 Maces & Flails
 - Level 2.6 Dodging


You had 3 spell levels left.
You didn't know any spells.
Your spell library was empty.

Dungeon Overview and Level Annotations

Branches:
Dungeon (3/15)

Altars:
Fedhas


Innate Abilities, Weirdness & Mutations

You are too large for most types of armour.
You have tough skin. (AC +1)


Message History

A red film seems to cover your vision as you go berserk!
You feel yourself moving faster!
You feel mighty! The gnoll hits you with a +0 flail!
The gnoll throws a throwing net.
The throwing net hits you.
You become entangled in the net!
The endoplasm hits you. The gnoll closely misses you.
The gnoll barely misses you.
You are held in a net!
You are held in a net!
You are held in a net!
You are held in a net!
You are held in a net!
You are held in a net!
You struggle against the net.
You feel a strong urge to attack something.
You struggle against the net.
The gnoll barely misses you.
The gnoll hits you from afar with a +0 spear.
The endoplasm hits you but does no damage.
The gnoll barely misses you. The gnoll hits you with a +0 club.
You struggle against the net.
You feel your anger nearly subside. The gnoll hits you with a +0 flail.
The goblin hits you but does no damage.
The gnoll hits you from afar with a +0 spear!
* * * LOW HITPOINT WARNING * * *
The endoplasm hits you but does no damage.
The gnoll hits you with a +0 club.
* * * LOW HITPOINT WARNING * * *
The gnoll closely misses you.
You shred the net and break free!
You are no longer berserk.
You are exhausted.
You feel yourself slow down.
You sock the gnoll! Your punch misses the gnoll.
The gnoll is almost dead.
The gnoll closely misses you. The goblin hits you with a +0 club.
* * * LOW HITPOINT WARNING * * *
The gnoll hits you but does no damage. x2; The gnoll hits you with a +0 club.
* * * LOW HITPOINT WARNING * * *
The endoplasm barely misses you. The goblin hits you but does no damage.
The gnoll hits you with a +0 club.
You die...

..............###....#.
...............#
#....#.
....?..........#
#+####.
...............# #.
...............# ##
...............#
..........$....#
.........).....#
......g@g........
......Jgg......###
.......g.......#
...............#
...............#
...............#
...............#
...............


You could see 4 gnolls, an endoplasm and a goblin.

Vanquished Creatures
  Terence (D:2)
  An adder (D:2)
  2 worms
  3 dart slugs
  A ball python (D:2)
  8 bats
  6 endoplasms
  2 giant cockroaches (D:1)
  2 goblins
  6 hobgoblins
  4 quokkas
  3 frilled lizards
  7 kobolds
  3 rats
49 creatures vanquished.

Notes
Turn   | Place    | Note
-------+----------+-------------------------------------------
     0 | D:1      | Dordric the Ogre Berserker began the quest for the Orb.
     0 | D:1      | Reached XP level 1. HP: 24/24 MP: 1/1
    96 | D:1      | Reached XP level 2. HP: 30/32 MP: 2/2
   307 | D:1      | Reached ** piety under Trog
   379 | D:1      | Reached XP level 3. HP: 39/39 MP: 3/3
   968 | D:2      | Identified the +1 pair of boots of the Vacuum {rF+++ Dex+3}
  1111 | D:2      | Noticed Terence
  1118 | D:2      | Killed Terence
  1119 | D:2      | Reached XP level 4. HP: 48/48 MP: 4/4
  1895 | D:3      | Found a blossoming altar of Fedhas.
  1991 | D:3      | HP: 2/47 [gnoll/+0 club (4)]
  1991 | D:3      | Slain by a gnoll

Illustrated notes

Levels and vault maps discovered:
D:1:      saegor_arrival_simple_d, layout_rooms
D:2:      layout_basic, uniq_terence
D:3:      layout_basic, lemuel_tele_altar, mainiacjoe_overflow_alcove_2

Skill      XL: |  1  2  3 |
---------------+----------+-----
Maces & Flails | 3 4 |  4.8
Fighting       | |  4.0
Dodging        | |  2.6

Action                     |  1- 3 |  4- 6 || total
---------------------------+-------+-------++-------
  Melee: Mace              |   101 |    28 ||   129
         Punch             |     1 |     1 ||     2
 Invoke: Berserk           |     1 |     1 ||     2
 Armour: Animal skin       |    38 |    17 ||    55
  Dodge: Dodged            |    56 |    23 ||    79

Table legend: (Time is in decaauts)
 A = Elapsed time spent in this place.
 B = Non-inter-level travel time spent in this place.
 C = Inter-level travel time spent in this place.
 D = Time resting spent in this place.
 E = Time spent auto-exploring this place.
 F = Levels seen in this place.
 G = Mean time per level.
                   A        B        C        D        E       F      G
               +--------+--------+--------+--------+--------+-----+--------+
         Total |   2026 |   1965 |     61 |     44 |   1563 |   3 |  675.3 |
       Dungeon |   2026 |   1965 |     61 |     44 |   1563 |   3 |  675.3 |
               +--------+--------+--------+--------+--------+-----+--------+

Top non-repeatable levels by time:
     D:2: 1075 daAuts
     D:1: 551 daAuts
     D:3: 399 daAuts
